[Event "FRA-ch Youth 2017"]
[Site "Belfort"]
[Date "2017.04.17"]
[Round "3"]
[White "Meillon, Judicael"]
[Black "Lamhene, Elias"]
[Result "1-0"]
[ECO "B20"]
[WhiteElo "1884"]
[BlackElo "1715"]
[Annotator "NA"]
[PlyCount "123"]
[EventDate "2017.??.??"]
[EventCountry "FRA"]
[SourceTitle "playchess.com"]
[Source "ChessBase"]
[SourceQuality "1"]
[TimeControl "5400+30"]

1. e4 c5 2. b4 d6 3. Nf3 Nf6 4. Bb5+ {[%emt 0:01:44] B50: Sicilian: 2...d6, Miscellaneous} (4. bxc5 Nxe4 5. cxd6 Nxd6 6. h3 Nc6 7. d4 g6 8. Be2 Bg7 9. O-O O-O 10. Bf4 Qb6 11. c3 Qb2 12. Nbd2 Qxc3 13. Nb3 {0-1 (35) Sosa,T (2266)-Kropff,R (2216) Asuncion 2013}) 4... Bd7 5. Bxd7+ Nbxd7 $146 (5... Qxd7 6. d3 g6 7. bxc5 dxc5 8. Bb2 Bg7 9. O-O O-O 10. Nbd2 Nc6 11. Nc4 Rfd8 {0-1 (34) Kramer,W (1331)-Safarian,A (1899) Adelaide 2003}) ({Of course not} 5... Kxd7 $6 6. bxc5 e6 7. d4 Nxe4 8. Qd3 $16) 6. bxc5 Nxc5 7. d3 g6 8. Nc3 Bg7 9. Bd2 O-O 10. O-O d5 11. exd5 Nxd5 12. Nxd5 Qxd5 13. d4 Ne4 14. Bb4 Rfe8 15. Qd3 Ng5 16. Nxg5 Qxg5 17. Rad1 Rad8 18. Qe4 Qb5 19. c3 a5 20. Bc5 Qc4 21. Rb1 b5 22. Qc6 Rb8 23. Qa6 a4 24. Rfd1 Qxa2 25. Rxb5 Qe2 26. Rdb1 Rxb5 27. Qxb5 Qxb5 28. Rxb5 Ra8 29. Ba3 ({But not} 29. Bxe7 $2 Re8 30. Ra5 (30. Rb7 $2 Bf8 31. Kf1 Rxe7 $19) 30... Rxe7 $19) 29... e6 30. Kf1 Bf8 31. Bxf8 Kxf8 32. Ke2 a3 33. Rb1 a2 34. Ra1 Ke7 35. Kd3 Kd6 36. Kc4 Ra7 37. Kb3 $14 Rb7+ 38. Kxa2 Kd5 39. Rb1 Rc7 40. Kb3 Ke4 41. Kc2 Rd7 42. Re1+ Kd5 43. Re5+ Kc6 44. Rc5+ Kb6 45. Kd3 f6 46. Kc4 f5 47. Kb4 h5 48. Re5 Rd6 49. c4 Kc6 50. Rxe6 Rxe6 51. d5+ Kd6 52. dxe6 Kxe6 53. Kc5 Kd7 54. Kd5 h4 55. Ke5 Kc6 56. Kf6 f4 57. Kxg6 Kc5 58. Kf5 Kxc4 59. Kxf4 Kd5 60. Kg5 Ke6 61. f4 Kf7 62. f5 1-0

[Event "FRA-ch Youth 2017"]
[Site "Belfort"]
[Date "2017.04.17"]
[Round "3"]
[White "Verhille, Elie"]
[Black "Popov, Konstantin"]
[Result "0-1"]
[ECO "B21"]
[WhiteElo "1765"]
[BlackElo "2026"]
[Annotator "NA"]
[PlyCount "92"]
[EventDate "2017.??.??"]
[EventCountry "FRA"]
[SourceTitle "playchess.com"]
[Source "ChessBase"]
[SourceQuality "1"]
[TimeControl "5400+30"]

1. e4 c5 2. f4 d5 3. exd5 Nf6 4. Bb5+ Nbd7 5. c4 a6 6. Ba4 b5 {[%emt 0:00:13] B21: Sicilian: 2 f4 and Morra Gambit} 7. cxb5 Nxd5 8. Ne2 (8. Nf3 g6 9. Nc3 N5b6 10. d4 Bg7 11. Bc2 cxd4 12. Nxd4 O-O 13. O-O axb5 14. Ndxb5 {½-½ (54) Zernyshkin,V (2319)-Yakovich,Y (2539) Samara 2011}) 8... g6 9. Nbc3 N5b6 10. Bc2 Bb7 $146 (10... Bg7 11. bxa6 Bxa6 12. d3 O-O 13. O-O Nf6 14. f5 {½-½ (41) Taylor,T-Mirabile,T England 1995}) 11. O-O Bg7 12. bxa6 Bxa6 13. Be4 Rc8 14. Re1 O-O 15. Nd5 Nxd5 16. Bxd5 e6 17. Bf3 c4 18. Rb1 Nc5 19. g3 Nd3 20. Rf1 Qb6+ 21. Kg2 Rfd8 22. Ng1 Qa5 23. a3 Nxb2 24. Qe1 c3 25. dxc3 Bxc3 26. Qf2 Bd4 (26... Qxa3 $2 27. Be2 Bxe2 28. Qxe2 Qa8+ 29. Qf3 $19) 27. Be3 Bxf1+ 28. Rxf1 Bxe3 ({Weaker is} 28... Qxa3 29. Bxd4 Qa4 30. Ne2 $14 (30. Bxb2 Rc2 $11)) 29. Qxe3 Nc4 30. Qb3 Nd2 31. Qb4 Qxb4 32. axb4 Nxf1 33. Kxf1 Rb8 34. Ne2 Rxb4 35. Kf2 Rd2 36. Ke3 Rxe2+ 37. Bxe2 Kf8 38. Bf3 Ke7 39. Be4 f5 $19 40. Bd3 e5 41. fxe5 Ke6 42. h3 Kxe5 43. h4 Rb3 44. Kd2 Kd4 45. Bc2 Rxg3 46. h5 Rg2+ 0-1

[Event "FRA-ch Youth 2017"]
[Site "Belfort"]
[Date "2017.04.17"]
[Round "3"]
[White "Benezra, Esther"]
[Black "Afraoui, Anaelle"]
[Result "0-1"]
[ECO "B40"]
[WhiteElo "1761"]
[BlackElo "1977"]
[Annotator "NA"]
[PlyCount "78"]
[EventDate "2017.??.??"]
[EventCountry "FRA"]
[SourceTitle "playchess.com"]
[Source "ChessBase"]
[SourceQuality "1"]
[TimeControl "5400+30"]

1. e4 c5 2. Nf3 e6 3. b3 d6 4. Bb2 Nf6 5. Nc3 Be7 6. d4 cxd4 7. Nxd4 O-O {[%emt 0:01:29] B50: Sicilian: 2...d6, Miscellaneous} 8. Bd3 (8. Be2 Nbd7 9. O-O Nc5 10. Bf3 a6 11. a4 Qc7 12. Re1 Rd8 13. Qe2 Bf8 14. Qe3 e5 15. Nde2 {1-0 (60) Antipov,M (2538)-Laurusas,T (2429) Khanty-Mansiysk 2015}) 8... Nbd7 9. Nce2 $146 (9. O-O a6 10. a4 Qc7 11. Nce2 b6 12. Ng3 Bb7 13. Qe2 Nc5 {½-½ (13) Hartz,E-Esterluss,H (2240) Frankfurt 2001}) 9... Nc5 10. f3 a6 11. c4 Qc7 12. O-O b6 13. b4 Nxd3 14. Qxd3 Bb7 15. Ng3 Rac8 16. Rac1 Qd7 17. f4 d5 18. cxd5 Bxb4 19. dxe6 fxe6 20. Qb3 Bc5 {[%emt 0:02:13] [#]} 21. Rxc5 $1 bxc5 22. Nxe6 Rf7 23. Bxf6 c4 24. Qb4 Rxf6 25. f5 Rf7 26. Rc1 Qb5 27. Qc3 a5 28. Rd1 Rd7 29. Kf2 Qb6+ 30. Kf3 Re7 31. Nh5 Qb4 32. Qe5 c3 33. Nhxg7 c2 $19 34. Rc1 Qc3+ 35. Qxc3 Rxc3+ 36. Ke2 Bxe4 37. Kd2 Rc8 38. f6 Rd7+ 39. Ke2 Bg6 0-1

[Event "FRA-ch Youth 2017"]
[Site "Belfort"]
[Date "2017.04.17"]
[Round "3"]
[White "Laurent-Paoli, Louis"]
[Black "Roux, Baptiste"]
[Result "1-0"]
[ECO "B22"]
[WhiteElo "1749"]
[BlackElo "1934"]
[Annotator "NA"]
[PlyCount "129"]
[EventDate "2017.??.??"]
[EventCountry "FRA"]
[SourceTitle "playchess.com"]
[Source "ChessBase"]
[SourceQuality "1"]
[TimeControl "5400+30"]

1. e4 c5 2. c3 Nf6 3. e5 Nd5 4. d4 cxd4 5. cxd4 e6 6. Nf3 d6 7. exd6 Bxd6 8. Nc3 Nc6 9. Nxd5 {[%emt 0:07:36] B22: Sicilian: 2 c3} (9. Bd3 O-O 10. O-O Be7 11. Be4 Bf6 12. a3 Re8 13. Qd3 g6 14. Re1 Nxc3 15. bxc3 Bd7 16. Bf4 Rc8 17. Rab1 b6 18. c4 Na5 19. Rec1 Bc6 20. d5 {½-½ (20) Rusev,K (2544)-Chatalbashev,B (2549) Vrnjacka Banja 2012}) 9... exd5 10. Bd3 Qe7+ 11. Qe2 Bb4+ 12. Bd2 O-O $146 (12... Bxd2+ 13. Kxd2 Be6 14. a3 O-O 15. Rhd1 Qf6 16. Qe3 Bg4 {0-1 (33) Tsyrennimaev,Z (2052)-Bannikova,A (2170) Novokuznetsk 2007}) 13. Bxb4 Qxb4+ 14. Qd2 Re8+ 15. Kd1 Bg4 16. Qxb4 Nxb4 17. Kd2 Nc6 18. Bb5 Re4 19. Bxc6 bxc6 20. Rac1 Rc8 21. Kd3 Bxf3 22. gxf3 Rf4 23. Ke3 g5 24. Rhg1 Re8+ 25. Kd2 Rxd4+ 26. Kc3 Rc4+ 27. Kd3 Rxc1 28. Rxc1 Re6 29. Rc5 Kf8 30. Ra5 Re7 31. Ra6 Rc7 32. Kd4 Ke7 33. Kc5 Ke6 34. b3 Ke5 35. Ra4 $17 f5 36. Rb4 Rd7 37. Rd4 a5 38. a3 Rb7 39. b4 axb4 40. axb4 Rd7 41. Rd3 Rb7 42. Rd4 h5 43. h3 h4 44. Rd3 Rb5+ 45. Kxc6 Rxb4 46. Rxd5+ Kf4 47. Kd6 Rb6+ 48. Ke7 Rg6 49. Kf7 Rh6 50. Rc5 Ra6 51. Rd5 Ra2 52. Kf6 Rxf2 53. Rxf5+ Kg3 54. Kxg5 Ra2 55. Re5 Kxh3 56. f4 Rg2+ 57. Kh5 Kg3 58. Rg5+ Kxf4 59. Rxg2 h3 60. Ra2 Kg3 61. Ra3+ Kg2 62. Kg4 h2 63. Ra2+ Kg1 64. Kg3 h1=N+ 65. Kf3 1-0

[Event "FRA-ch Youth 2017"]
[Site "Belfort"]
[Date "2017.04.17"]
[Round "3"]
[White "Boulart, Emilie"]
[Black "Rollot, Florence"]
[Result "1-0"]
[ECO "B22"]
[WhiteElo "1636"]
[BlackElo "1973"]
[Annotator "NA"]
[PlyCount "110"]
[EventDate "2017.??.??"]
[EventCountry "FRA"]
[SourceTitle "playchess.com"]
[Source "ChessBase"]
[SourceQuality "1"]
[TimeControl "5400+30"]

1. e4 c5 2. c3 d5 3. exd5 Qxd5 4. d4 Nf6 5. Nf3 Bg4 6. Be2 e6 7. Be3 cxd4 8. cxd4 Nc6 ({Of course not} 8... Bxf3 9. Bxf3 Qa5+ 10. Nc3 $16) 9. Nc3 Qd6 10. O-O Be7 11. h3 Bh5 12. Qb3 O-O {[%emt 0:01:55] LiveBook: 167 Games} 13. Rfd1 Rfd8 14. Rac1 Qb4 15. Qxb4 Nxb4 16. g4 Bg6 17. Ne5 Rac8 18. Bf3 Nfd5 19. a3 Nxc3 20. Rxc3 Rxc3 21. bxc3 Nc2 22. a4 Nxe3 23. fxe3 Bc2 24. Rd2 Bxa4 25. Bxb7 Rb8 26. Ra2 Rxb7 $14 27. Rxa4 Bg5 28. Kf2 Rb2+ 29. Kf3 f6 30. Nc4 Rb3 31. Ra3 Rxa3 32. Nxa3 Kf7 33. c4 Ke7 34. Ke4 a6 35. c5 Kd7 36. Nc4 Kc6 37. Nb6 a5 38. Kd3 Kb5 39. e4 Bf4 40. Kc3 Bg3 41. Nc4 e5 42. Na3+ Kc6 43. Nc4 exd4+ 44. Kxd4 Bf2+ 45. Kc3 Kxc5 46. Na3 Be1+ 47. Kd3 a4 48. Nc2 Bb4 49. Na1 a3 50. Nb3+ Kb5 51. Na1 a2 52. Kc2 Kc4 53. Kb2 Bc3+ 54. Kxa2 Bxa1 55. Kxa1 Kd4 1-0

[Event "FRA-ch Youth 2017"]
[Site "Belfort"]
[Date "2017.04.17"]
[Round "3"]
[White "David, Iris"]
[Black "Leriche, Ines"]
[Result "0-1"]
[ECO "D10"]
[WhiteElo "1587"]
[BlackElo "2037"]
[Annotator "NA"]
[PlyCount "60"]
[EventDate "2017.??.??"]
[EventCountry "FRA"]
[SourceTitle "playchess.com"]
[Source "ChessBase"]
[SourceQuality "1"]
[TimeControl "5400+30"]

1. d4 d5 2. c4 c6 3. Nc3 Nf6 4. cxd5 cxd5 5. Bf4 Nc6 6. e3 a6 7. Nf3 Bg4 8. Be2 e6 9. Ne5 {[%emt 0:03:16] LiveBook: 68 Games} Bxe2 10. Qxe2 Rc8 11. Nxc6 {[%emt 0:04:17] D13: Slav Defence: Exchange variation without ...Bf5} (11. O-O Be7 12. Rfc1 O-O 13. Nxc6 Rxc6 14. Na4 Qd7 15. Qd1 Rfc8 16. Nc3 Rc4 17. Ne2 Qb5 18. b3 Rxc1 19. Rxc1 Rxc1 20. Nxc1 {½-½ (46) Sieciechowicz,M (2449)-Dziuba,M (2610) Poland 2013}) 11... Rxc6 12. a3 Be7 $146 (12... Bd6 13. Bxd6 Qxd6 14. O-O O-O 15. f3 b5 {½-½ (15) Kalinin,O (2378)-Bobula,M (2389) Rybnik 2009}) 13. O-O O-O 14. Rac1 Qa5 15. Qd3 Rfc8 16. Rc2 Ne4 17. Rfc1 Nxc3 18. Rxc3 Rxc3 19. Rxc3 Rxc3 20. Qxc3 Qxc3 21. bxc3 Bxa3 22. Bc7 Kf8 23. Kf1 Ke7 24. Ke2 Kd7 25. Ba5 Kc6 26. Kd3 Kb5 27. Bc7 a5 28. e4 a4 $19 29. e5 Be7 30. Kc2 b6 0-1

[Event "FRA-ch Youth 2017"]
[Site "Belfort"]
[Date "2017.04.18"]
[Round "4"]
[White "Leriche, Ines"]
[Black "Mars, Fiona"]
[Result "1-0"]
[ECO "D85"]
[WhiteElo "2037"]
[BlackElo "1799"]
[Annotator "NA RC"]
[PlyCount "38"]
[EventDate "2017.??.??"]
[EventCountry "FRA"]
[SourceTitle "playchess.com"]
[Source "ChessBase"]
[SourceQuality "1"]
[TimeControl "5400+30"]

1. d4 Nf6 2. c4 g6 3. Nc3 d5 4. cxd5 Nxd5 5. e4 Nxc3 6. bxc3 Bg7 7. Nf3 c5 8. Be3 Bg4 9. Rc1 O-O {[%emt 0:07:48] LiveBook: 46 Games} 10. d5 {[%emt 0:02:50] D85: Exchange Grünfeld: Unusual White 7th moves and lines with 7 Nf3} Qc7 $146 (10... Qd6 11. Be2 Nd7 12. c4 f5 13. Ng5 Bxe2 14. Qxe2 f4 15. Bd2 e5 16. Ne6 Rf7 17. f3 Bf6 {½-½ (31) Lupulescu,C (2609)-Vachier Lagrave,M (2811) Novi Sad 2016}) 11. Qd2 Rd8 12. Bh6 (12. Bf4 $14 Qa5 13. Ne5) 12... Bh8 (12... Bxh6 $11 13. Qxh6 Bxf3 14. gxf3 Nd7) 13. h4 f5 $2 (13... Bxf3 $16 14. gxf3 Nd7) 14. d6 Rxd6 15. Bc4+ e6 {[%emt 0:00:07] [#]} 16. Ng5 $1 ({But not} 16. Bf4 $6 Rxd2 17. Bxc7 Rb2 $16) 16... f4 $2 (16... fxe4 17. Qf4 Bg7) 17. Qxf4 Bxc3+ 18. Kf1 Bg7 19. Bxe6+ $17 ({White should play} 19. Qxg4 $18 Bxh6 20. Nxe6 (20. Bxe6+ Kg7 21. e5 Rd8 $18)) 19... Bxe6 1-0

[Event "FRA-ch Youth 2017"]
[Site "Belfort"]
[Date "2017.04.18"]
[Round "4"]
[White "Popov, Konstantin"]
[Black "Laurent-Paoli, Louis"]
[Result "1/2-1/2"]
[ECO "C78"]
[WhiteElo "2026"]
[BlackElo "1749"]
[Annotator "NA RC"]
[PlyCount "134"]
[EventDate "2017.??.??"]
[EventCountry "FRA"]
[SourceTitle "playchess.com"]
[Source "ChessBase"]
[SourceQuality "1"]
[TimeControl "5400+30"]

1. e4 e5 2. Nf3 Nc6 3. Bb5 a6 4. Ba4 Nf6 5. O-O b5 6. Bb3 Be7 7. c3 O-O 8. d3 d5 9. Nbd2 {[%emt 0:03:07] LiveBook: 9 Games} Bg4 {[%emt 0:08:58] C77: Ruy Lopez: 3...a6 4 Ba4 Nf6, unusual lines} (9... Bb7 10. Re1 dxe4 11. dxe4 Bc5 12. h3 Nh5 13. Bd5 Qf6 14. a4 Nf4 15. Nb3 Bb6 16. Bxf4 Qxf4 17. Qe2 bxa4 18. Rxa4 Rfd8 19. Rc4 {1-0 (31) Morozevich,A (2743)-Bacrot,E (2712) Biel 2004}) 10. Re1 dxe4 11. dxe4 Qd7 12. h3 Bh5 13. Qe2 Rad8 $146 (13... Bg6 14. Nh4 Na5 15. Nxg6 hxg6 {½-½ (73) Bravo Barranco,N (2305)-Sanahuja Palomo,A (2105) Martorell 1997}) 14. Bc2 Bc5 15. Nf1 h6 16. Ng3 Bxf3 17. Qxf3 Nh7 18. Nf5 Ne7 19. Qg4 (19. b4 $14 Nxf5 20. Qxf5 (20. bxc5 Nh4 21. Qg3 Ng6 $11) (20. exf5 Bd6 $14) 20... Qxf5 21. exf5) 19... Nxf5 20. exf5 Nf6 21. Qh4 e4 22. Bxe4 $2 {[%emt 0:08:34] [#]} (22. Bxh6 $11 {and White stays safe.} Qxf5 23. Bf4) 22... Nxe4 $2 (22... Rde8 $1 $19 23. Bxh6 Nxe4 24. Rxe4 Rxe4 25. Qxe4 gxh6 26. Qg4+ Kh7) 23. Rxe4 Qxf5 24. Be3 Bxe3 25. Rxe3 Rd2 26. b4 Rfd8 27. Qg3 c6 28. a3 Rd1+ 29. Rxd1 Rxd1+ 30. Kh2 Qb1 31. Re8+ Kh7 32. Qg4 Rh1+ 33. Kg3 Qd3+ 34. Re3 Qd6+ 35. Qf4 Qg6+ 36. Kf3 Qh5+ 37. Qg4 Qxg4+ 38. hxg4 Ra1 39. Ke4 Rxa3 40. Kd4 a5 (40... Kg6 $11) 41. Kc5 axb4 42. cxb4 Ra4 43. Rb3 Ra6 44. Rd3 g5 45. f3 Ra2 $1 46. Kxc6 Rxg2 47. Kxb5 h5 48. gxh5 g4 $2 (48... f5 $1 $11) 49. fxg4 Rxg4 50. Rh3 $2 (50. Kc5 $18) 50... f5 $1 51. Kc5 f4 52. b5 Kh6 $2 (52... Rg5+ $11 53. Kc6 Rg3) 53. b6 Rg3 {[%emt 0:00:44] [#]} 54. Rh1 $2 ({And not} 54. Rxg3 fxg3 55. Kd5 (55. b7 g2 56. Kd5 g1=Q $11) 55... g2 $11) (54. b7 $1 $18 {[%mdl 512] Rxg3 would kill now.} Rxh3 55. b8=Q Kxh5 56. Qxf4) 54... Rb3 55. Kc6 f3 56. Rh2 Rc3+ 57. Kd7 Rb3 58. Kc7 Rc3+ 59. Kb8 Rb3 60. b7 Rc3 61. Ka7 Ra3+ 62. Kb6 Rb3+ 63. Kc7 $11 Rc3+ 64. Kb8 Rb3 65. Rh1 Rb2 66. Rc1 Kxh5 67. Kc7 Kg5 1/2-1/2

[Event "FRA-ch Youth 2017"]
[Site "Belfort"]
[Date "2017.04.18"]
[Round "4"]
[White "Afraoui, Anaelle"]
[Black "Retailleau, Elise"]
[Result "0-1"]
[ECO "B32"]
[WhiteElo "1977"]
[BlackElo "1946"]
[Annotator "NA RC"]
[PlyCount "88"]
[EventDate "2017.??.??"]
[EventCountry "FRA"]
[SourceTitle "playchess.com"]
[Source "ChessBase"]
[SourceQuality "1"]
[TimeControl "5400+30"]

1. e4 c5 2. Nf3 Nc6 3. d4 cxd4 4. Nxd4 e5 5. Nb5 d6 6. N1c3 a6 7. Na3 b5 8. Nd5 Nge7 9. c4 Nxd5 {[%emt 0:01:46] B32: Sicilian: Löwenthal and Kalashnikov Variations} (9... Nd4 10. Be3 Nxd5 11. exd5 Nf5 12. cxb5 Nxe3 13. fxe3 Qh4+ 14. g3 Qe4 15. Qc2 Qxe3+ 16. Be2 Bd7 17. bxa6 Be7 18. Qd2 Qe4 19. O-O O-O {1-0 (39) Gabrielian,A (2532)-Adhiban,B (2682) Moscow 2017}) 10. exd5 Nd4 {[%emt 0:01:50] LiveBook: 51 Games} 11. Nc2 ({White should try} 11. cxb5 $14 Be7 12. Bd3) 11... Nxc2+ (11... Bg4 $5 12. Qd2 $8 Nxc2+ 13. Qxc2 bxc4 $11) 12. Qxc2 Bd7 13. cxb5 axb5 14. Bd3 g6 15. h4 $146 (15. O-O Bg7 16. Bd2 O-O 17. Qb3 Qb6 18. a4 Qd4 19. Be3 bxa4 20. Bxd4 axb3 {0-1 (56) Petkovic,R (2293)-Pap,M (2416) Backa Palanka 2001}) 15... f5 16. Bg5 Qa5+ 17. Kf1 Kf7 18. h5 Bg7 19. g4 e4 20. Bxe4 $2 (20. Re1 $15) 20... fxe4 21. Qxe4 Rae8 $2 ({Wrong is} 21... Bxb2 $2 22. Qe7+ Kg8 23. Qxd7 $18) (21... Kg8 $19 {And now ...Re8 would win.} 22. hxg6 hxg6 23. Rxh8+ Kxh8 24. Qxg6 Qa4) 22. Qf4+ Kg8 23. hxg6 Rf8 $1 24. Qe3 $2 (24. Qxd6 $15 Bxg4 25. Be7 (25. gxh7+ Rxh7 26. Rxh7 Kxh7 27. Qh2+ Kg6 $19)) 24... Qb4 (24... Bxb2 25. gxh7+ Rxh7 26. Rxh7 Kxh7 27. Qe7+ Kg8 28. Qxd7 Bxa1 29. Qe6+ Rf7 30. Qe8+ Kg7 {[#]} 31. Bh6+ $1 Kxh6 32. Qxf7 $17) 25. gxh7+ Rxh7 26. Rxh7 Kxh7 27. f4 (27. Re1 $142 Qc4+ 28. Kg1) 27... Bxg4 28. Qd3+ Kg8 29. Qg3 Qc4+ ({Not} 29... Bxb2 30. Qxg4 Qc4+ 31. Kg1 Qd4+ 32. Kh2 Qd2+ 33. Kg3 (33. Kg1 Qe3+ 34. Kh2 Bxa1 35. Bf6+ (35. Bh6+ $2 Kf7 36. Qf5+ Bf6 37. Bxf8 Qf2+ 38. Kh3 Qh4+ 39. Kg2 Kxf8 $19) 35... Kf7 36. Qg7+ Ke8 37. Qg6+ Kd7 38. Qg7+ Ke8 39. Qg6+ Rf7 40. Qg8+ Rf8 41. Qg6+ $11) 33... Qd3+ 34. Kh4 Qh7+ 35. Kg3 Qd3+ 36. Kh4 Qh7+ 37. Kg3 Qd3+ $11) 30. Kg1 Bd4+ 31. Kh1 Qxd5+ 32. Kh2 Be6 $4 ({Less strong is} 32... Bxb2 33. Qxg4 Bxa1 34. Bh6+ Kh8 35. Bxf8 $17) (32... Qf5 $19 33. Rg1 Qh7+ 34. Bh4 Bxg1+ 35. Kxg1 Qb1+ 36. Kh2 Qxb2+ 37. Qf2 Qc3) 33. Bh6+ (33. Bf6+ $18 Bg4 34. Qxg4+ Kf7 35. Qg7+ Ke6 36. Re1+ Be5 37. Bxe5 Qd2+ 38. Kh3 Qxe1 39. Qg6+ (39. Qxf8 dxe5 40. Qg8+ Kd6 41. Qg6+ Kd5 42. Qd3+ Ke6 $16) 39... Kd5 40. Qd3+ Kc6 41. Qxd6+ Kb7 42. Qd7+ Ka8 43. Qc6+ (43. Qxb5 Qh1+ 44. Kg3 Rg8+ 45. Kf2 Qg1+ 46. Kf3 Qh1+ 47. Ke3 Qc1+ 48. Ke4 Qb1+ 49. Kf3 Qd1+ 50. Ke4 Qb1+ 51. Kd5 Qxa2+ 52. Kd6 Rg6+ 53. Kc5 Qa7+ 54. Kd5 Qa2+ 55. Kd4 Rg8 $16) 43... Ka7 44. Bd4+ (44. Qxb5 Qe3+ 45. Kg4 Rg8+ 46. Kf5 Rf8+ 47. Kg4 (47. Bf6 Qd4 $11) 47... Rg8+ 48. Kf5 Rf8+ 49. Kg4 $14) 44... Kb8 45. Be5+ Ka7 46. Qc5+ Ka6 47. Qxf8) 33... Kh7 (33... Kf7 $142 34. f5 Qxf5 35. Rf1 Qxf1 36. Qf4+ Qxf4+ 37. Bxf4 Rg8 38. Bg3 Be5 39. Kg1 Bxg3 40. Kf1 Bc4+ 41. Kg2 Bd5+ 42. Kh3 Bf2 43. b3 Bf3 44. Kh2 Rh8#) 34. Qh4 Bg7 $2 (34... Rh8 35. Rf1 Qe4) 35. Bxg7+ Kxg7 36. Rg1+ (36. Qe7+ $142 Rf7 37. Rg1+ Kh6 38. Qg5+ Qxg5 39. Rxg5) 36... Kf7 37. Qh7+ (37. Qh6 $142) 37... Ke8 38. Rg2 Qd4 39. Rg7 Qxf4+ 40. Rg3 Rg8 41. Qh5+ Kd8 42. Qf3 Qxg3+ 43. Qxg3 Rxg3 44. Kxg3 Bxa2 0-1

[Event "FRA-ch Youth 2017"]
[Site "Belfort"]
[Date "2017.04.18"]
[Round "4"]
[White "Rollot, Florence"]
[Black "Mutzel, Annabelle"]
[Result "1-0"]
[ECO "A06"]
[WhiteElo "1973"]
[BlackElo "1607"]
[Annotator "NA RC"]
[PlyCount "73"]
[EventDate "2017.??.??"]
[EventCountry "FRA"]
[SourceTitle "playchess.com"]
[Source "ChessBase"]
[SourceQuality "1"]
[TimeControl "5400+30"]

1. Nf3 d5 2. g3 Nf6 3. Bg2 Bg4 4. O-O e6 5. c4 c6 6. d3 Be7 7. a3 {[%emt 0:02:25] A11: English Opening: 1...c6} (7. cxd5 Bxf3 8. Bxf3 cxd5 9. b3 Nc6 10. Bb2 O-O 11. e3 Rc8 12. a3 Ne8 13. d4 Nd6 14. Qd3 Na5 {½-½ (56) Nakamura,H (2785)-Adams,M (2751) Sharjah 2017}) 7... Nbd7 8. Nc3 O-O $146 (8... a5 9. Qc2 O-O 10. b3 Qc7 11. h3 Bh5 12. Bb2 Rfd8 13. Rfc1 Rac8 14. Na4 c5 15. cxd5 exd5 {½-½ (29) Grigoriev,I (2191)-O'Neill Y Daneiko,J (2084) Alicante 2010}) 9. Bf4 Bxf3 10. Bxf3 e5 11. Bd2 d4 12. Ne4 Nxe4 13. Bxe4 f5 14. Bg2 f4 15. b4 g5 (15... Qe8 $11) 16. Qb3 (16. e3 $16) 16... Nf6 (16... Kg7 $11) 17. b5 Qd7 18. bxc6 bxc6 19. Rab1 Rab8 (19... Qe6 $16) 20. Qxb8 Rxb8 21. Rxb8+ Kg7 {[%emt 0:00:00] [#]} 22. Rfb1 $1 Kg6 23. R8b7 Qe6 24. Rxa7 fxg3 25. hxg3 ({Less strong is} 25. fxg3 e4 26. Rf1 (26. Rbb7 Bf8 $18) 26... h6 $18) 25... e4 26. Rbb7 e3 27. fxe3 ({Not} 27. Rxe7 $2 Qxe7 28. Rxe7 exd2 29. Bxc6 (29. Be4+ $2 Nxe4 30. Rxe4 d1=Q+ 31. Kg2 Kf6 $19) 29... d1=Q+ 30. Kg2 Qb1 31. Be4+ Nxe4 32. Rxe4 Qb7 $19) 27... dxe3 {[%emt 0:00:05] [#]} 28. Be1 $1 ({Don't take} 28. Rxe7 $2 Qxe7 29. Rxe7 exd2 30. Bxc6 d1=Q+ 31. Kg2 h5 $19) 28... Bd6 29. Rg7+ ({Not} 29. Bxc6 Bxg3 30. Rg7+ (30. Bxg3 Qg4 31. Rg7+ Kh6 $11) 30... Kh6 $16) 29... Kh6 {[%emt 0:00:24] [#]} 30. Be4 $2 ({Not} 30. Bxc6 Bb8 31. Bd5 Qe5 $11) (30. Bc3 $1 $18 Qf5 31. Raf7) 30... Nxe4 31. Rxh7+ (31. dxe4 Qxc4 32. Rxh7+ Kg6 $11) 31... Kg6 32. Rag7+ Kf5 33. dxe4+ Kxe4 $2 (33... Qxe4 $15 34. Rh5 Be7) 34. Rxg5 Qf5 35. Rh4+ Ke5 36. Bc3+ $18 Ke6 37. Rh6+ 1-0

[Event "FRA-ch Youth 2017"]
[Site "Belfort"]
[Date "2017.04.18"]
[Round "4"]
[White "Guerin, Juliette"]
[Black "Chachiachvili, Mariam"]
[Result "1/2-1/2"]
[ECO "C44"]
[WhiteElo "1945"]
[BlackElo "1742"]
[Annotator "NA RC"]
[PlyCount "105"]
[EventDate "2017.??.??"]
[EventCountry "FRA"]
[SourceTitle "playchess.com"]
[Source "ChessBase"]
[SourceQuality "1"]
[TimeControl "5400+30"]

1. e4 e5 2. Nf3 Nc6 3. d4 exd4 4. Nxd4 Nf6 5. Nxc6 bxc6 6. Qe2 {[%emt 0:00:10] C45: Scotch Game} (6. Nd2 d5 7. exd5 cxd5 8. Bb5+ Bd7 9. Bxd7+ Qxd7 10. O-O Be7 11. b3 O-O 12. Bb2 Qf5 13. Nf3 Rfe8 14. Qd3 Qxd3 15. cxd3 {½-½ (30) Ivanchuk,V (2732)-Hou,Y (2649) Shenzhen 2017}) 6... Bc5 7. e5 Nd5 8. c4 Nb6 9. Qg4 Rg8 $146 (9... Kf8 $11) (9... g6 10. Bg5 Be7 11. Bh6 d5 12. Qf3 Bg5 13. Bg7 Rg8 {0-1 (67) Perez,M (2428)-Krysa,L (2496) Vicente Lopez 2016}) 10. Qe4 Qe7 11. Bd3 Bb7 12. O-O O-O-O 13. a3 (13. Nd2 $14) 13... Qe6 (13... d5 $11 {keeps the balance.} 14. Qf5+ (14. Qxh7 Qxe5 15. Nd2 dxc4 $15) 14... Nd7) 14. b4 Be7 {[%emt 0:00:21] [#]} 15. c5 $1 Nd5 16. Bd2 (16. Nd2 $16) 16... d6 17. cxd6 cxd6 18. exd6 Qxe4 19. Bxe4 Bxd6 20. Nc3 Nxc3 21. Bxc3 Rde8 22. Bxh7 Bxh2+ 23. Kh1 Rh8 24. Bf5+ Kc7 25. Bxg7 Be5+ 26. Bxh8 Rxh8+ 27. Kg1 Bh2+ 28. Kh1 Be5+ 29. Bh3 Bxa1 30. Rxa1 Bc8 31. Kh2 Be6 32. Kg3 Bd5 33. f3 Re8 34. Kf2 Bc4 35. f4 Re2+ 36. Kf3 Rd2 37. Ke3 Rc2 38. Kd4 Bd5 39. Kd3 Rb2 40. Kd4 Bxg2 41. Bxg2 Rxg2 42. Ke5 Rg6 43. f5 Rd6 $1 44. f6 Kd7 45. Ra2 Rd5+ 46. Ke4 Ke6 47. Rf2 Re5+ 48. Kd4 Rf5 (48... a5 $11) 49. Rc2 Kd6 50. Rc3 Rxf6 51. Rc5 Re6 52. Ra5 $11 Re7 53. Rf5 1/2-1/2